 Dungeon Crawl Stone Soup version 0.24-a0-11-g46ee55f (webtiles) character file.

Game seed: 5817546633475664644

112 CanOfBees the Gusty (level 4, -1/26 HPs)
             Began as a Tengu Air Elementalist on Jan 31, 2019.
             Slain by a gnoll
             ... wielding a +0 spear
              (12 damage)
             ... on level 3 of the Dungeon.
             The game lasted 00:05:04 (3488 turns).

CanOfBees the Gusty (Tengu Air Elementalist)        Turns: 3488, Time: 00:05:05

Health: -1/26      AC:  2    Str:  9    XL:     4   Next: 95%
Magic:  8/9        EV: 13    Int: 15    God:
Gold:   74         SH:  0    Dex: 15    Spells: 2/8 levels left

rFire    . . .     SeeInvis .   o - +0 spear
rCold    . . .     Gourm    .   (no shield)
rNeg     . . .     Faith    .   a - +0 robe
rPois    .         Spirit   .   (helmet restricted)
rElec    .         Reflect  .   (no cloak)
rCorr    .         Harm     .   (no gloves)
MR       .....                  (boots unavailable)
Stlth    ++........             (no amulet)
HPRegen  0.08/turn              (no ring)
MPRegen  0.11/turn              (no ring)

@: no status effects
A: beak, talons 3
a: no special abilities


You were on level 3 of the Dungeon.
You were not hungry.

You visited 1 branch of the dungeon, and saw 3 of its levels.

You collected 74 gold pieces.

Inventory:

Hand Weapons
 l - a +0 short sword
 o - a +0 spear (weapon)
Missiles
 g - 16 tomahawks (quivered)
Armour
 a - a +0 robe (worn)
Scrolls
 e - a scroll of identify
 i - a scroll of enchant weapon {unknown}
 j - a scroll of enchant armour {unknown}
 k - 3 scrolls of teleportation {unknown}
 n - a scroll of magic mapping
Potions
 b - a potion of curing {unknown}
 d - 3 potions of lignification
 f - a potion of degeneration {unknown}
 h - a potion of agility {unknown}
Comestibles
 c - 4 rations
 m - 3 chunks of flesh


   Skills:
 + Level 2.0 Fighting
 - Level 2.1 Dodging
 - Level 2.0 Stealth
 + Level 2.8 Spellcasting
 + Level 3.1 Conjurations
 + Level 5.0 Air Magic


You had 2 spell levels left.
You knew the following spells:

 Your Spells              Type           Power        Failure   Level  Hunger
a - Shock                 Conj/Air       ##..         3%          1    #......
b - Swiftness             Chrm/Air       #.......     11%         2    ##.....
c - Static Discharge      Conj/Air       ##......     12%         3    ###....

Your spell library contained the following spells:

 Spells                   Type           Power        Failure   Level  Hunger
 Airstrike                Air            ###.......   26%         4    #####..
 Lightning Bolt           Conj/Air       ##........   71%         5    ######.


Dungeon Overview and Level Annotations

Branches:
Dungeon (3/15)

Altars:


Innate Abilities, Weirdness & Mutations

You have a beak for a mouth.
You have claws for feet.


Message History

The gnoll is lightly wounded.
The gnoll misses you.
You completely miss the gnoll. Your peck misses the gnoll.
The gnoll is lightly wounded.
The gnoll barely misses you.
You closely miss the gnoll.
The gnoll is lightly wounded.
The gnoll hits you with a +0 spear!
You hit the gnoll but do no damage. You peck the gnoll.
The gnoll is moderately wounded.
The gnoll hits you with a +0 spear.
Casting: Shock (safe; 3% risk of failure)
Confirm with . or Enter, or press ? or * to list all spells.
Aiming: Shock (safe; 3% risk of failure)
Press: ? - help, Shift-Dir - straight line, f - gnoll
Aim: a gnoll, wielding a +0 spear (moderately wounded)
The zap hits the gnoll.
The gnoll is heavily wounded.
The gnoll hits you with a +0 spear!
You die...

.. .### ..# # #
#.#####.#
#.##.##.<..#
#.......#####
####<......#..
# ######..#
#.###.##.## ..#
#..@g......
.....####.#.###
.###. .. . ...
###


You could see a gnoll.

Vanquished Creatures
  A gnoll (D:2)
  5 adders (D:2)
  A worm (D:2)
  A dart slug (D:1)
  A leopard gecko (D:2)
  A ball python (D:2)
  A giant cockroach (D:2)
  6 goblins
  3 hobgoblins (D:1)
  10 jackals
  4 kobolds
  6 bats
  4 frilled lizards
  8 rats
52 creatures vanquished.

Notes
Turn   | Place    | Note
-------+----------+-------------------------------------------
     0 | D:1      | CanOfBees the Tengu Air Elementalist began the quest for
                  | the Orb.
     0 | D:1      | Reached XP level 1. HP: 10/10 MP: 4/4
   240 | D:1      | Reached XP level 2. HP: 12/16 MP: 0/6
  1108 | D:1      | Reached skill level 1 in Fighting
  1108 | D:1      | Reached XP level 3. HP: 20/20 MP: 3/7
  1574 | D:2      | Learned a level 2 spell: Swiftness
  1597 | D:2      | Learned a level 3 spell: Static Discharge
  2209 | D:2      | Reached XP level 4. HP: 21/25 MP: 3/8
  3397 | D:2      | Reached skill level 5 in Air Magic
  3488 | D:3      | Slain by a gnoll

Vault maps used:
D:1:      dpeg_arrival_tiny_d, serial_rivers, chequers_serial_rivers_micro_b,
          chequers_serial_rivers_micro_e, chequers_serial_rivers_micro_a,
          chequers_serial_rivers_micro_a, chequers_serial_rivers_small_b,
          hangedman_decor_diamond_cutter, bh_walls_and_bars
D:3:      cheibrodos_greedy_goblins, gammafunk_temple_overflow_statue,
          chequers_serial_rivers_small_b, minmay_joined_circles

Skill      XL: |  1  2  3  4 |
---------------+-------------+-----
Conjurations   | 2 3 |  3.1
Fighting       | 1 2 |  2.0
Air Magic      | 5 |  5.0
Dodging        | |  2.1
Stealth        | |  2.0
Spellcasting   | |  2.8

Action                   |  1- 3 |  4- 6 || total
-------------------------+-------+-------++-------
Melee: Unarmed           |     4 |       ||     4
       Peck              |     1 |     1 ||     2
       Spear             |       |     5 ||     5
Throw: Tomahawk          |       |     8 ||     8
 Cast: Shock             |    69 |    39 ||   108
       Swiftness         |     1 |     1 ||     2
  Use: Scroll            |       |     3 ||     3
 Stab: Sleeping          |       |     1 ||     1
  Eat: Chunk             |     5 |     4 ||     9
Armor: Robe              |     3 |     4 ||     7
Dodge: Dodged            |    23 |    29 ||    52

Table legend:
 A = Non-vault XP
 B = Vault XP
 C = Vault XP percentage of total XP
 D = Non-vault monster count
 E = Vault monster count
 F = Vault count percentage of total count
                 A         B        C        D         E       F
            +---------+---------+-------+---------+---------+-------
      Total |     161 |       0 |   0.0 |      52 |       0 |   0.0
            +---------+---------+-------+---------+---------+-------
        D:1 |      39 |       0 |   0.0 |      23 |       0 |   0.0
        D:2 |     122 |       0 |   0.0 |      29 |       0 |   0.0
            +---------+---------+-------+---------+---------+-------
